 Dungeon Crawl Stone Soup version 0.18-a0-1685-g4482fe3 (webtiles) character file.

23 lestiduZ the Skirmisher (level 3, 0/29 HPs)
             Began as a Human Berserker on Apr 4, 2016.
             Was a Follower of Trog.
             Killed from afar by Sigmund (6 damage)
             ... with a magic dart
             ... on level 2 of the Dungeon.
             The game lasted 00:09:25 (2025 turns).

lestiduZ the Skirmisher (Human Berserker)           Turns: 2025, Time: 00:09:25

Health: 0/29       AC:  2    Str: 18    XL:     3   Next: 12%
Magic:  3/3        EV: 12    Int:  7    God:    Trog [*.....]
Gold:   118        SH:  0    Dex: 12    Spells: 0 memorised, 2 levels left

rFire  . . .     SeeInvis +     a - +0 falchion
rCold  . . .     Gourm    .     b - +0 animal skin
rNeg   . . .     Faith    .     (no shield)
rPois  .         Spirit   .     (no helmet)
rElec  .         Dismiss  .     (no cloak)
rCorr  .         Reflect  .     (no gloves)
SustAt .         Harm     .     (no boots)
MR     .....                    (no amulet)
Stlth  +.........               (no ring)
                                u - ring of see invisible

@: not resistant to hostile enchantments, very unstealthy
A: no striking features
a: Berserk, Burn Spellbooks, Renounce Religion


You were on level 2 of the Dungeon.
You worshipped Trog.
Trog was aware of your devotion.
You were not hungry.

You visited 1 branch of the dungeon, and saw 2 of its levels.

You collected 118 gold pieces.

Inventory:

Hand Weapons
 a - a +0 falchion (weapon)
 c - a +0 short sword
 d - a +0 short sword
 f - a +0 club
 i - a +0 club
 j - a +0 dagger
 l - a cursed +0 dagger
 m - a +0 dagger
 r - a +0 short sword
 s - a +0 short sword
 t - a +0 short sword
 v - a +0 dagger
 y - a +0 club
Missiles
 e - 7 tomahawks (quivered)
Armour
 b - a +0 animal skin (worn)
 x - a +0 robe
Jewellery
 u - a ring of see invisible (left hand)
Scrolls
 g - 3 scrolls of immolation {unknown}
 h - a scroll of amnesia {unknown}
 k - a scroll of teleportation {unknown}
 o - a scroll of enchant weapon {unknown}
 q - a scroll of remove curse {unknown}
Potions
 n - a potion of degeneration {unknown}
 p - a potion of brilliance {unknown}
 w - a potion of might {unknown}
 z - a potion of heal wounds {unknown}
Comestibles
 A - a chunk of flesh


   Skills:
 + Level 3.5 Fighting
 + Level 3.4 Long Blades
 + Level 2.0 Armour
 + Level 2.2 Dodging


You had 2 spell levels left.
You didn't know any spells.

Dungeon Overview and Level Annotations

Branches:
Dungeon (2/15)

Altars:
Fedhas
Okawaru
Qazlal
The Shining One

Annotations:
D:2 Sigmund


Message History

Sigmund is moderately wounded.
Sigmund hits you with a scythe.
Sigmund points at you and mumbles some strange words.
You resist with significant effort.
You miss Sigmund.
Sigmund is moderately wounded.
You feel less confused. Sigmund closely misses you.
Sigmund hits you but does no damage. Sigmund gestures at you while chanting.
The magic dart hits you! Sigmund barely misses you.
Sigmund hits you from afar with a scythe!
* * * LOW HITPOINT WARNING * * *
Sigmund hits the plant with a scythe.
Sigmund hits the plant but does no damage.
Sigmund screams, "I am the angel of ZOT!!!"
Sigmund points at you and mumbles some strange words.
The magic dart hits you!
You die...

♣######### ♣....#...#
..####...# ♣...##...#
♣>..##...# #.$.##...#####
...<........>#### #
............@...♣♣ .####
#.#...P......##♣@♣♣.....#
#..PP♣......## ♣♣........
##..♣♣P.....♣♣♣♣.P♣####.#
#..P♣P.P##♣♣PP..P♣
#...♣P...<♣.....♣.#
#..PP.....♣♣..P♣♣.#
#...#.......♣♣♣♣ #
.....#.....♣P♣♣♣##.##
.... ##.......<......


You could see Sigmund (invisible).

Vanquished Creatures
  A worm (D:2)
  A giant gecko (D:2)
  A goblin (D:2)
  2 hobgoblins
  2 quokkas (D:2)
  A giant newt (D:2)
  7 kobolds
  7 rats
22 creatures vanquished.

Notes
Turn   | Place    | Note
--------------------------------------------------------------
     0 | D:1      | lestiduZ the Human Berserker began the quest for the Orb.
     0 | D:1      | Reached XP level 1. HP: 18/18 MP: 1/1
   761 | D:1      | Reached XP level 2. HP: 21/24 MP: 2/2
  1512 | D:2      | Found an iron altar of Okawaru.
  1856 | D:2      | Reached XP level 3. HP: 27/29 MP: 3/3
  1965 | D:2      | Found a glowing golden altar of the Shining One.
  1986 | D:2      | Noticed Sigmund
  1988 | D:2      | Found a stormy altar of Qazlal.
  1988 | D:2      | Found a blossoming altar of Fedhas.
  2025 | D:2      | Killed from afar by Sigmund

Vault maps used:
D:1:      sevenhm_arrival_forest_fort_small_5
D:2:      okawaru_gym_becter, grunt_temple_overflow_open, serial_forest,
          infiniplex_forest_lined_3_way, infiniplex_forest_clump_small,
          infiniplex_forest_side_room, infiniplex_forest_diagonal,
          infiniplex_forest_straight_5, infiniplex_forest_corner_1,
          infiniplex_forest_fountain, infiniplex_forest_lined_2,
          infiniplex_forest_clump_medium, uniq_terence, uniq_sigmund

Action                   || total
-------------------------++-------
Melee: Falchion          ||    49
  Eat: Bread ration      ||     1
       Chunk             ||     1
